 Dungeon Crawl Stone Soup version 0.32-a0-841-g4648e6c457 (webtiles) character file.

Game seed: 13699103058589581634

111 ragingrage the Insei (level 5, -1/29 HPs)
             Began as a Kobold Shapeshifter on Mar 26, 2024.
             Slain by Grinder (2 damage)
             ... on level 3 of the Dungeon.
             The game lasted 00:03:58 (2546 turns).

ragingrage the Insei (Kobold Shapeshifter)          Turns: 2546, Time: 00:03:58

Health: -1/29      AC:  5    Str:  9 (11) XL:     5   Next: 15%
Magic:  5/5        EV: 11    Int: 10 (12) God:
Gold:   134        SH:  0    Dex: 15 (16) Spells: 3/4 levels left

rFire   . . .        n - +1 short sword (venom)
rCold   . . .        (no shield)
rNeg    . . .        f - +0 ring mail
rPois   .            (helmet currently unavailable)
rElec   .            (cloak currently unavailable)
rCorr   .            (gloves currently unavailable)
SInv    +            (boots currently unavailable)
Will    .....        (no amulet)
Stlth   +++          m - ring of see invisible
HPRegen 0.24/turn    (no ring)
MPRegen 0.09/turn

%: no passive effects
@: brilliant, beast-form
A: beast (slay +1), small, no large weapons, nightstalker 3
a: Begin Untransformation


You were on level 3 of the Dungeon.
You were a hulking beast.
You visited 1 branch of the dungeon, and saw 3 of its levels.

You collected 134 gold pieces.

Inventory:

Hand Weapons
 e - a +0 dagger
 n - a +1 short sword of venom (weapon)
Armour
 f - a +0 ring mail (worn)
Jewellery
 m - a ring of see invisible (left hand)
Talismans
 c - a beast talisman (active)
 d - a flux talisman
Scrolls
 a - a scroll of noise
 g - a scroll of amnesia
 o - a scroll of acquirement {unknown}
 p - a scroll of identify {unknown}
 q - a scroll of immolation {unknown}
 r - a scroll of silence {unknown}
Potions
 i - a potion of degeneration


   Skills:
 - Level 1.1 Fighting
 + Level 2.8 Short Blades
 - Level 2.4 Dodging
 - Level 3.0 Stealth
 - Level 3.7 Unarmed Combat
 - Level 1.2 Earth Magic
 - Level 3.2 Shapeshifting


You had 3 spell levels left.
You knew the following spells:

 Your Spells              Type           Power      Damage    Failure   Level
a - Sandblast             Erth           6%         2d5       54%         1

Your spell library contained the following spells:

 Spells                   Type           Power      Damage    Failure   Level
 Stone Arrow              Conj/Erth      2%         3d7       94%         3
 Brom's Barrelling Bould  Conj/Erth      1%         2d3       100%        4


Dungeon Overview and Level Annotations

Branches:
Dungeon (3/15)

Altars:

Annotations:
D:2 Terence
D:3 Grinder


Innate Abilities, Weirdness & Mutations

You are a hulking beast.
Your limbs bulge with bestial killing power. (Slay +1)
You are small and have problems with some larger weapons.
You are completely attuned to the shadows.


Message History

Pain shoots through your body! Grinder gestures at you.
You suddenly lose the ability to move!
Your surroundings suddenly seem different.
You can move again.
Unknown command.
You start resting.
Grinder is nearby!
Okay, then.
Okay, then.
Okay, then.
You have nothing you can fire or use right now.
Unknown command.
Okay, then.
It was a potion of brilliance.
You feel clever all of a sudden.
As you read the scroll labelled PAJIKE ZY NUW, it crumbles to dust.
It is a scroll of brand weapon.
Your +1 short sword drips with poison.
n - a +1 short sword of venom Grinder barely misses you.
Your +1 short sword of venom begins to drip with poison!
n - a +1 short sword of venom (weapon)
Grinder hits you.
You writhe in agony.
You hit Grinder. Grinder hits you.
You writhe in agony.
You hit Grinder but do no damage. Grinder hits you but does no damage.
You hit Grinder.
Grinder is poisoned.
You closely miss Grinder. Grinder hits you but does no damage.
You hit Grinder.
Grinder looks as sick as possible!
Grinder closely misses you.
Okay, then.
Okay, then.
You have nothing you can fire or use right now.
You closely miss Grinder. Grinder hits you!
* * * LOW HITPOINT WARNING * * *
You writhe in agony.
* * * LOW HITPOINT WARNING * * *
Unknown command.
You closely miss Grinder. Grinder hits you.
You die...
Grinder sighs, "Dead already?
I want a refund."

# #.# #..(.....# #.#### . #
#.# #...##.# #..... .. #
#.##########...##.###.#### .#
# #.....................## #
######...5................
##########.#####..###.###.###.
...........# #.## #.# #...
############ #.# #.# #### #h#
#.# #5####.# #....... ######.#


You could see Grinder (extremely poisoned).

Vanquished Creatures
  Jessica (D:3)
  A gnoll (D:1)
  2 adders (D:2)
  A dart slug (D:1)
  A ribbon worm (D:3)
  An orc (D:3)
  8 bats
  3 endoplasms
  4 goblins
  3 hobgoblins
  4 jackals (D:2)
  4 quokkas
  6 ball pythons
  2 frilled lizards (D:1)
  5 kobolds
  6 rats
52 creatures vanquished.

Notes
Turn   | Place    | Note
-------+----------+-------------------------------------------
     0 | D:1      | ragingrage the Kobold Shapeshifter began the quest for the
                  | Orb.
     0 | D:1      | Reached XP level 1. HP: 12/12 MP: 1/1
    33 | D:1      | Reached skill level 1 in Stealth
    85 | D:1      | Reached XP level 2. HP: 7/16 MP: 2/2
   364 | D:1      | Reached skill level 1 in Short Blades
   364 | D:1      | Reached XP level 3. HP: 12/20 MP: 3/3
   770 | D:1      | Learned a level 1 spell: Sandblast
  1353 | D:2      | Noticed Terence
  1409 | D:2      | Reached skill level 1 in Earth Magic
  1409 | D:2      | Reached XP level 4. HP: 22/25 MP: 4/4
  2101 | D:3      | Noticed Jessica
  2108 | D:3      | Killed Jessica
  2109 | D:3      | Reached XP level 5. HP: 29/29 MP: 5/5
  2503 | D:3      | Noticed Grinder
  2513 | D:3      | Paralysed by Grinder for 4 turns
  2545 | D:3      | HP: 1/29 [Grinder (6)]
  2546 | D:3      | Slain by Grinder

Illustrated notes

Levels and vault maps discovered:
D:1:      tarquinn_simple_flora_water_e, layout_basic, chequers_garden,
          minmay_misc_feat_roman, grunt_decor_junction
D:2:      layout_basic, uniq_terence
D:3:      layout_loops_ring, uniq_grinder, uniq_jessica, uniq_crazy_yiuf_cottage

Skill      XL: |  1  2  3 |
---------------+----------+-----
Stealth        | 2 3 |  3.0
Short Blades   | 1 2 |  2.8
Earth Magic    | 1 |  1.2
Fighting       | |  1.1
Dodging        | |  2.4
Unarmed Combat | |  3.7
Shapeshifting  | |  3.2

Action                     |  1- 3 |  4- 6 || total
---------------------------+-------+-------++-------
  Melee: Unarmed           |    43 |    71 ||   114
         Dagger            |    47 |       ||    47
         Punch             |     2 |     2 ||     4
         Short sword       |       |     8 ||     8
    Use: Potion            |     1 |     4 ||     5
         Scroll            |       |     5 ||     5
   Stab: Sleeping          |     8 |     3 ||    11
         Distracted        |     1 |       ||     1
 Armour: Animal skin       |     6 |       ||     6
         Skin              |     3 |       ||     3
         Ring mail         |    33 |    34 ||    67
  Dodge: Dodged            |    74 |    45 ||   119

Table legend: (Time is in decaauts)
 A = Elapsed time spent in this place.
 B = Non-inter-level travel time spent in this place.
 C = Inter-level travel time spent in this place.
 D = Time resting spent in this place.
 E = Time spent auto-exploring this place.
 F = Levels seen in this place.
 G = Mean time per level.
                   A        B        C        D        E       F      G
               +--------+--------+--------+--------+--------+-----+--------+
         Total |   2529 |   2403 |    126 |    385 |   1441 |   3 |  843.0 |
       Dungeon |   2529 |   2403 |    126 |    385 |   1441 |   3 |  843.0 |
               +--------+--------+--------+--------+--------+-----+--------+

Top non-repeatable levels by time:
     D:1: 1092 daAuts
     D:2: 1044 daAuts
     D:3: 392 daAuts
